 Dungeon Crawl Stone Soup version 0.29-a0-321-gf1c400731a (webtiles) character file.

Game seed: 17232942904616345834

99 Ijustatesigmund the Grave Robber (level 4, 0/19 HPs)
             Began as a Deep Elf Necromancer on Apr 4, 2022.
             Slain by an orc
             ... wielding a +0 club
              (2 damage)
             ... on level 3 of the Dungeon.
             The game lasted 00:05:15 (2800 turns).

Ijustatesigmund the Grave Robber (DENe)             Turns: 2800, Time: 00:05:16

Health: 0/19       AC:  5    Str:  5    XL:     4   Next: 45%
Magic:  0/12       EV: 12    Int: 22    God:
Gold:   68         SH:  0    Dex: 15    Spells: 4/11 levels left

rFire   . . .      SeeInvis .   c - +0 short sword (chaos)
rCold   . . .      Faith    .   (no shield)
rNeg    . . .      Spirit   .   a - +2 robe {Will+}
rPois   .          Reflect  .   (no helmet)
rElec   .          Harm     .   d - +0 cloak
rCorr   .          Rampage  .   (no gloves)
Will    +....                   (no boots)
Stlth   ++........              (no amulet)
HPRegen 0.06/turn               (no ring)
MPRegen 0.13/turn               (no ring)

@: very slightly contaminated
A: frail 2
a: no special abilities


You were on level 3 of the Dungeon.
You visited 1 branch of the dungeon, and saw 3 of its levels.

You collected 68 gold pieces.

Inventory:

Hand Weapons
 c - a +0 short sword of chaos (weapon)
Missiles
 i - 7 poisoned darts
 p - 4 atropa-tipped darts
Armour
 a - a +2 robe of willpower (worn)
 d - a +0 cloak (worn)
Jewellery
 g - an amulet of guardian spirit
 o - a ring of fire
Scrolls
 e - 2 scrolls of immolation {unknown}
Potions
 b - 2 potions of magic
 f - a potion of attraction {unknown}
 h - a potion of might
 q - a potion of heal wounds {unknown}


   Skills:
 - Level 0.5 Throwing
 - Level 2.4 Dodging
 - Level 3.1 Stealth
 - Level 4.1 Spellcasting
 + Level 0.0 Conjurations
 - Level 6.2 Necromancy
 + Level 0.0 Earth Magic


You had 4 spell levels left.
You knew the following spells:

 Your Spells              Type           Power      Damage    Failure   Level
a - Pain                  Necr           100%       1d9       1%          1
b - Vampiric Draining     Necr           32%        2d8       2%          3
c - Stone Arrow           Conj/Erth      8%         3d7       32%         3

Your spell library contained the following spells:

 Spells                   Type           Power      Damage    Failure   Level
 Animate Skeleton         Necr           64%        N/A       1%          1
 Animate Dead             Necr           16%        N/A       9%          4
 Animate Armour           Summ/Erth      8%         N/A       73%         4
 Agony                    Necr           32%        N/A       24%         5
 Lehudib's Crystal Spear  Conj/Erth      2%         10d2      100%        8


Dungeon Overview and Level Annotations

Branches:
Dungeon (3/15)

Altars:


Innate Abilities, Weirdness & Mutations

You are very frail. (-20% HP)


Message History

Press: ? - help, Shift-Dir - straight line, f/p - orc priest
Aim: an orc priest, wielding a +0 club and wearing a +0 chain mail (lightly wounded, chance to affect: 83%)
The orc priest barely resists.
The orc hits you with a +0 club.
The orc priest looks braver for a moment.
Casting: Pain (safe; 1% risk of failure)
Confirm with . or Enter, or press ? or * to list all spells.
Aiming: Pain (safe; 1% risk of failure)
Press: ? - help, Shift-Dir - straight line, f/p - orc priest
Aim: an orc priest, wielding a +0 club and wearing a +0 chain mail (lightly wounded, chance to affect: 83%)
The orc priest barely resists.
The orc hits you with a +0 club. The orc priest barely misses you.
Casting: Pain (safe; 1% risk of failure)
Confirm with . or Enter, or press ? or * to list all spells.
Aiming: Pain (safe; 1% risk of failure)
Press: ? - help, Shift-Dir - straight line, f/p - orc priest
Aim: an orc priest, wielding a +0 club and wearing a +0 chain mail (lightly wounded, chance to affect: 83%)
The orc priest writhes in agony.
The orc hits you but does no damage. The orc priest barely misses you.
Casting: Pain (safe; 1% risk of failure)
Confirm with . or Enter, or press ? or * to list all spells.
Aiming: Pain (safe; 1% risk of failure)
Press: ? - help, Shift-Dir - straight line, f/p - orc priest
Aim: an orc priest, wielding a +0 club and wearing a +0 chain mail (lightly wounded, chance to affect: 83%)
The orc priest barely resists.
The orc closely misses you. The orc priest hits you with a +0 club.
* * * LOW HITPOINT WARNING * * *
Casting: Pain (safe; 1% risk of failure)
Confirm with . or Enter, or press ? or * to list all spells.
Aiming: Pain (safe; 1% risk of failure)
Press: ? - help, Shift-Dir - straight line, f/p - orc priest
Aim: an orc priest, wielding a +0 club and wearing a +0 chain mail (lightly wounded, chance to affect: 83%)
The orc priest writhes in agony!
The orc hits you but does no damage.
The orc priest hits you but does no damage.
Casting: Pain (safe; 1% risk of failure)
Confirm with . or Enter, or press ? or * to list all spells.
Aiming: Pain (safe; 1% risk of failure)
Press: ? - help, Shift-Dir - straight line, f/p - orc priest
Aim: an orc priest, wielding a +0 club and wearing a +0 chain mail (severely wounded, chance to affect: 83%)
The orc priest barely resists.
The orc hits you with a +0 club.
You die...

.............###..####.......#
.............# #.......#.#...
.............####.......#.....
.######.................###...
###.........(.#.........
#.............#..######)
#.......................
#............#. ..#.....
......#.@...[.# ...#....#
.......#oo.....# .......<+
.......#.......# ..#######
......#.......# . ..#
#...##### #...# #...# #...#


You could see an orc priest and an orc.

Vanquished Creatures
  4 adders
  A worm (D:2)
  A dart slug (D:1)
  An orc (D:3)
  4 bats
  3 endoplasms
  2 giant cockroaches
  7 goblins
  8 hobgoblins
  3 quokkas
  7 ball pythons
  2 frilled lizards (D:1)
  8 kobolds
  3 rats (D:1)
54 creatures vanquished.

Notes
Turn   | Place    | Note
-------+----------+-------------------------------------------
     0 | D:1      | Ijustatesigmund the Deep Elf Necromancer began the quest
                  | for the Orb.
     0 | D:1      | Reached XP level 1. HP: 10/10 MP: 6/6
   108 | D:1      | Reached skill level 5 in Necromancy
   275 | D:1      | Reached XP level 2. HP: 9/15 MP: 2/8
  1234 | D:1      | Found a faded altar of an unknown god.
  1289 | D:1      | Reached XP level 3. HP: 17/19 MP: 7/10
  1339 | D:1      | Learned a level 3 spell: Vampiric Draining
  1984 | D:2      | Reached skill level 6 in Necromancy
  2156 | D:2      | Reached XP level 4. HP: 22/24 MP: 9/12
  2739 | D:3      | Learned a level 3 spell: Stone Arrow
  2790 | D:3      | Gained mutation: You are frail. (-10% HP) [potion of
                  | mutation]
  2790 | D:3      | Gained mutation: You are very frail. (-20% HP) [potion of
                  | mutation]
  2800 | D:3      | Slain by an orc

Illustrated notes

Levels and vault maps discovered:
D:1:      tarquinn_simple_flora_water_b, layout_basic,
          shapermc_ecumenical_altar_mp_vishouse
D:2:      layout_loops_ring, kennysheep_generic_room_14
D:3:      layout_basic, st_stairs_1, uniq_crazy_yiuf_cottage

Skill      XL: |  1  2  3 |
---------------+----------+-----
Necromancy     | 5 6 |  6.2
Stealth        | 3 |  3.1
Spellcasting   | 4 |  4.1
Throwing       | |  0.5
Dodging        | |  2.4

Action                   |  1- 3 |  4- 6 || total
-------------------------+-------+-------++-------
 Cast: Pain              |    66 |    26 ||    92
  Use: Scroll            |     4 |     3 ||     7
       Potion            |       |     2 ||     2
Armor: Robe              |     7 |     4 ||    11
Dodge: Dodged            |     8 |     4 ||    12

Table legend: (Time is in decaauts)
 A = Elapsed time spent in this place.
 B = Non-inter-level travel time spent in this place.
 C = Inter-level travel time spent in this place.
 D = Time resting spent in this place.
 E = Time spent auto-exploring this place.
 F = Levels seen in this place.
 G = Mean time per level.
                   A        B        C        D        E       F      G
               +--------+--------+--------+--------+--------+-----+--------+
         Total |   2798 |   2752 |     46 |    692 |   1769 |   3 |  932.7 |
       Dungeon |   2798 |   2752 |     46 |    692 |   1769 |   3 |  932.7 |
               +--------+--------+--------+--------+--------+-----+--------+

Top non-repeatable levels by time:
     D:1: 1582 daAuts
     D:2: 958 daAuts
     D:3: 257 daAuts
